 Dungeon Crawl Stone Soup version 0.23-b1-67-g8bd44de (webtiles) character file.

Game seed: 12606064720968016783

156 HEYYEYAAE the Bolt Thrower (level 5, -3/34 HPs)
             Began as an Octopode Hunter on Feb 5, 2019.
             Slain by a gnoll
             ... wielding a +0 spear
              (9 damage)
             ... on level 3 of the Dungeon.
             The game lasted 00:01:04 (1749 turns).

HEYYEYAAE the Bolt Thrower (Octopode Hunter)        Turns: 1749, Time: 00:01:04

Health: -3/34      AC:  1    Str: 11    XL:     5   Next: 37%
Magic:  5/5        EV: 13    Int: 14    God:
Gold:   129        SH:  0    Dex: 13    Spells: 4/4 levels left

rFire    . . .     SeeInvis .   a - +1 hand crossbow
rCold    . . .     Gourm    .   (no shield)
rNeg     . . .     Faith    .   (helmet restricted)
rPois    .         Spirit   .   (no amulet)
rElec    .         Reflect  .   (no ring)
rCorr    .         Harm     .   (no ring)
MR       .....                  (no ring)
Stlth    +++.......             (no ring)
HPRegen  0.11/turn              (no ring)
MPRegen  0.09/turn              (no ring)
                                (no ring)
                                (no ring)

@: flying
A: almost no armour, stealthy swim, amphibious, 8 rings, constrict 8, camouflage
1, gelatinous body 1
a: no special abilities


You were on level 3 of the Dungeon.
You were not hungry.

You visited 1 branch of the dungeon, and saw 3 of its levels.

You collected 129 gold pieces.

Inventory:

Hand Weapons
 a - a +1 hand crossbow (weapon)
 b - a +0 short sword
Missiles
 c - 5 bolts (quivered)
Jewellery
 j - an uncursed ring of magical power {unknown}
Scrolls
 f - a scroll of enchant armour {unknown}
 g - 2 scrolls of remove curse {unknown}
 h - 3 scrolls of enchant weapon {unknown}
 i - 5 scrolls of identify {unknown}
 k - a scroll of fog {unknown}
Comestibles
 d - 5 rations


   Skills:
 - Level 2.0 Fighting
 + Level 6.5 Crossbows
 - Level 2.0 Dodging
 - Level 1.3 Stealth


You had 4 spell levels left.
You didn't know any spells.
Your spell library was empty.

Dungeon Overview and Level Annotations

Branches:
Dungeon (3/15)

Altars:
Vehumet


Innate Abilities, Weirdness & Mutations

You cannot wear most types of armour.
You are very stealthy in the water. (Stealth+)
You are amphibious.
You can wear up to eight rings at the same time.
You can use your tentacles to constrict eight enemies at once.
Your skin changes colour to match your surroundings (Stealth+).
Your rubbery body absorbs attacks. (AC +1, EV +1)


Message History

The gnoll hits you from afar with a +0 spear!
* * * LOW HITPOINT WARNING * * *
Firing (i - inventory)
c - 7 bolts (quivered)
Press: ? - help, Shift-Dir - straight line, f/p - gnoll
Aim: a gnoll, wielding a +0 spear (lightly wounded)
You shoot a bolt. The bolt barely misses the gnoll.
The bolt hits the kobold.
The kobold is severely wounded.
The gnoll hits you from afar with a +0 spear.
* * * LOW HITPOINT WARNING * * *
Firing (i - inventory)
c - 6 bolts (quivered)
Press: ? - help, Shift-Dir - straight line, f/p - gnoll
Aim: a gnoll, wielding a +0 spear (lightly wounded)
You shoot a bolt. The bolt hits the gnoll.
The gnoll is heavily wounded.
The gnoll hits you but does no damage.
It was a potion of flight.
You feel very buoyant.
You fly up into the air.
The gnoll hits you from afar with a +0 spear!
You die...

###.#.#.# #...#<#..
#.#.#.#.# #.#.#.#.#
#)#.#.#.## #†#)#.#...
###############.#......†
....................>###
#@#####.##..#..... #.#
#.##..#.#### #g#
#.##..#.. . #K#
#.##..###### # #(#
#.##........
#..#.#####.##.#######
#..(.......##.#####
##.(#########....<# #.(
#######


You could see a gnoll and a kobold.

Vanquished Creatures
  An orc wizard (D:3)
  Jessica (D:2)
  2 gnolls (D:3)
  2 adders (D:2)
  A shadow imp (D:2)
  2 oozes
  A leopard gecko (D:1)
  3 orcs (D:3)
  2 giant cockroaches
  5 goblins
  8 hobgoblins
  A jackal (D:1)
  A quokka (D:2)
  5 bats
  3 frilled lizards
  3 kobolds (D:2)
  7 rats
48 creatures vanquished.

Notes
Turn   | Place    | Note
-------+----------+-------------------------------------------
     0 | D:1      | HEYYEYAAE the Octopode Hunter began the quest for the Orb.
     0 | D:1      | Reached XP level 1. HP: 14/14 MP: 1/1
    85 | D:1      | Reached XP level 2. HP: 19/19 MP: 2/2
   370 | D:1      | Reached XP level 3. HP: 24/24 MP: 3/3
   762 | D:2      | Reached skill level 5 in Crossbows
   764 | D:2      | Noticed Jessica
   771 | D:2      | Killed Jessica
   771 | D:2      | Reached XP level 4. HP: 29/29 MP: 4/4
   887 | D:2      | Found a radiant altar of Vehumet.
  1415 | D:2      | Reached skill level 6 in Crossbows
  1698 | D:3      | Reached XP level 5. HP: 34/34 MP: 5/5
  1749 | D:3      | Slain by a gnoll

Skill      XL: |  1  2  3  4 |
---------------+-------------+-----
Crossbows      | 5 6 |  6.5
Fighting       | |  2.0
Dodging        | |  2.0
Stealth        | |  1.3

Action                   |  1- 3 |  4- 6 || total
-------------------------+-------+-------++-------
 Fire: Hand crossbow     |    44 |    59 ||   103
  Use: Potion            |       |     1 ||     1
  Eat: Chunk             |       |     2 ||     2
Armor: Skin              |     1 |     1 ||     2
Dodge: Dodged            |     6 |     8 ||    14
